 Seeded DCSS version 0.28-a0-724-g66f9036eb4 (webtiles) character file.

Game seed: 20211027 (custom seed)

105 Rennog the Skirmisher (level 4, 0/52 HPs)
             Began as an Ogre Gladiator on Oct 27, 2021.
             Slain by an orc (6 damage)
             ... on level 4 of the Dungeon.
             The game lasted 00:02:32 (3007 turns).

Rennog the Skirmisher (Ogre Gladiator)              Turns: 3007, Time: 00:02:32

Health: 0/52       AC:  4    Str: 18    XL:     4   Next: 81%
Magic:  4/4        EV: 10    Int:  9    God:
Gold:   92         SH:  0    Dex: 11    Spells: 3/3 levels left

rFire   . . .      SeeInvis .   p - +0 giant club
rCold   . . .      Faith    .   (shield currently unavailable)
rNeg    . . .      Spirit   .   b - +0 robe
rPois   .          Reflect  .   c - +0 hat
rElec   .          Harm     .   j - +0 cloak
rCorr   .          Rampage  .   (gloves unavailable)
Will    .....                   (boots unavailable)
Stlth   +.........              (no amulet)
HPRegen 0.17/turn               (no ring)
MPRegen 0.09/turn               (no ring)

@: no status effects
A: large, unfitting armour, tough skin 1
a: no special abilities


You were on level 4 of the Dungeon.
You visited 1 branch of the dungeon, and saw 4 of its levels.

You collected 127 gold pieces.
You spent 35 gold pieces at shops.

Inventory:

Hand Weapons
 a - a +0 flail
 p - a +0 giant club (weapon)
Missiles
 d - 3 throwing nets (quivered)
Armour
 b - a +0 robe (worn)
 c - a +0 hat (worn)
 j - a +0 cloak (worn)
Jewellery
 m - a ring of willpower
Scrolls
 e - 2 scrolls of immolation {unknown}
 f - 2 scrolls of identify {unknown}
 k - a scroll of amnesia {unknown}
 l - a scroll of silence {unknown}
 n - a scroll of fear {unknown}
 o - a scroll of summoning {unknown}
Potions
 g - a potion of attraction {unknown}
 h - 2 potions of heal wounds {unknown}
 i - 2 potions of flight {unknown}


   Skills:
 - Level 5.9 Fighting
 * Level 3.2 Maces & Flails
 - Level 2.0 Throwing
 - Level 2.6 Dodging


You had 3 spell levels left.
You didn't know any spells.
Your spell library contained the following spells:

 Spells                   Type           Power      Damage    Failure   Level
 Sandblast                Erth           0%         2d4       38%         1
 Blink                    Tloc           0%         N/A       52%         2
 Passwall                 Tmut/Erth      0%         N/A       52%         2
 Stone Arrow              Conj/Erth      0%         3d7       77%         3
 Manifold Assault         Tloc           0%         N/A       100%        5
 Storm Form               Tmut/Air       0%         N/A       100%        7


Dungeon Overview and Level Annotations

Branches:
Dungeon (4/15)
 Temple: D:4-7

Altars:

Shops:
D:1 (


Innate Abilities, Weirdness & Mutations

You are too large for most types of armour.
You have tough skin. (AC +1)


Message History

Something completely misses you. The orc hits you but does no damage.
The orc closely misses you.
You closely miss something.
The orc hits you with a +0 dagger of protection.
Something hits you but does no damage. The orc barely misses you.
Something hits you but does no damage. The orc hits you but does no damage.
You miss something.
The orc barely misses you. x2; Something hits you.
You closely miss something. The orc hits you with a +0 whip.
The orc barely misses you.
You hear some strange, mumbled words.
A magic dart appears from out of thin air!
The magic dart hits you! The orc misses you.
You closely miss something.
The orc hits you with a +0 dagger of protection.
You hear some strange, mumbled words.
Something tries to affect you, but you resist.
The orc hits you with a +0 whip. Something hits you.
The orc hits you but does no damage.
You barely miss something. The orc barely misses you. Something hits you.
The orc barely misses you. x2
You sock something!
Reactivating autopickup.
You feel a bit more experienced.
The orc hits you with a +0 dagger of protection.
* * * LOW HITPOINT WARNING * * *
The orc barely misses you.
The orc hits you with a +0 dagger of protection.
* * * LOW HITPOINT WARNING * * *
Your Maces & Flails skill increases to level 3!
You bludgeon the orc!!
You kill the orc!
The orc hits you with a +0 whip.
* * * LOW HITPOINT WARNING * * *
The orc hits you but does no damage.
You closely miss the orc. The orc hits you with a +0 whip.
* * * LOW HITPOINT WARNING * * *
You barely miss the orc. The orc hits you with a +0 whip.
* * * LOW HITPOINT WARNING * * *
The orc hits you with a +0 whip.
You die...

#### #..## ##
#...###..#..
#.o)........
#.@).......#
#.....##..##.##
#......# ###
##.....#
##....# #......
#...... #.....#


You could see an orc.

Vanquished Creatures
  An orc wizard (D:4)
  An adder (D:3)
  3 worms
  3 dart slugs
  3 orcs
  4 ball pythons
  2 endoplasms
  4 giant cockroaches
  5 hobgoblins
  7 kobolds
  3 bats
  2 frilled lizards
  10 goblins
  4 rats
52 creatures vanquished.

Notes
Turn   | Place    | Note
-------+----------+-------------------------------------------
     0 | D:1      | Rennog the Ogre Gladiator began the quest for the Orb.
     0 | D:1      | Reached XP level 1. HP: 22/22 MP: 1/1
     9 | D:1      | Found Septann's Antique Weapon Shoppe.
    49 | D:1      | Reached skill level 3 in Fighting
    60 | D:1      | Reached XP level 2. HP: 15/31 MP: 2/2
   484 | D:1      | Reached skill level 4 in Fighting
  1182 | D:1      | Reached XP level 3. HP: 36/40 MP: 3/3
  1258 | D:1      | Found a faded altar of an unknown god.
  1698 | D:2      | Reached skill level 5 in Fighting
  1964 | D:3      | Reached XP level 4. HP: 49/52 MP: 4/4
  2623 | D:1      | Bought a giant club for 35 gold pieces
  3007 | D:4      | Slain by an orc

Illustrated notes

Levels and vault maps discovered:
D:1:      amcnicky_arrival_gap_in_the_tavern_cellar, layout_basic,
          shapermc_ecumenical_altar_mp_ritualfount, serial_shops, shop
D:2:      layout_basic
D:3:      layout_basic, minmay_quadrilaterals
D:4:      layout_cave_pools, amcnicky_altar_gilded,
          lightli_ossuary_entry_decrepit_ruins, ebering_ghost_gozag,
          serial_shops, nicolae_diamond_shop

Skill      XL: |  1  2  3  4 |
---------------+-------------+-----
Fighting       | 3 4 5 |  5.9
Maces & Flails | 3 |  3.2
Throwing       | |  2.0
Dodging        | |  2.6

Action                   |  1- 3 |  4- 6 || total
-------------------------+-------+-------++-------
Melee: Flail             |   127 |    25 ||   152
       Giant club        |       |    18 ||    18
 Stab: Sleeping          |     2 |       ||     2
Armor: Robe              |    42 |    13 ||    55
Dodge: Dodged            |    68 |    36 ||   104

Table legend: (Time is in decaauts)
 A = Elapsed time spent in this place.
 B = Non-inter-level travel time spent in this place.
 C = Inter-level travel time spent in this place.
 D = Time resting spent in this place.
 E = Time spent auto-exploring this place.
 F = Levels seen in this place.
 G = Mean time per level.
                   A        B        C        D        E       F      G
               +--------+--------+--------+--------+--------+-----+--------+
         Total |   3056 |   2883 |    173 |      0 |   2477 |   4 |  764.0 |
       Dungeon |   3056 |   2883 |    173 |      0 |   2477 |   4 |  764.0 |
               +--------+--------+--------+--------+--------+-----+--------+

Top non-repeatable levels by time:
     D:1: 1395 daAuts
     D:3: 958 daAuts
     D:2: 673 daAuts
     D:4: 29 daAuts
